 Dungeon Crawl Stone Soup version 0.20-b1-18-gaa2fd62 (webtiles) character file.

485 Hook the Caller (level 7, -3/51 HPs)
             Began as a Merfolk Summoner on May 24, 2017.
             Engulfed by a cloud of flame (23 damage)
             ... on level 6 of the Dungeon.
             The game lasted 00:28:41 (7665 turns).

Hook the Caller (Merfolk Summoner)                  Turns: 7665, Time: 00:28:42

Health: -3/51      AC:  5    Str:  9    XL:     7   Next: 13%
Magic:  2/13       EV: 14    Int: 15    God:
Gold:   260        SH:  0    Dex: 15    Spells: 4/14 levels left

rFire    . . .     SeeInvis .   e - +1 short sword
rCold    . . .     Gourm    .   (no shield)
rNeg     . . .     Faith    .   a - +0 robe
rPois    .         Spirit   .   s - +2 helmet
rElec    .         Reflect  .   (no cloak)
rCorr    .         Harm     .   (no gloves)
MR       .....                  (no boots)
Stlth    ++........             (no amulet)
Regen    0.2/turn               (no ring)
MPRegen  0.2/turn               (no ring)

@: no status effects
A: change form in water, swift swim, stealthy swim
a: no special abilities


You were on level 6 of the Dungeon.
You were not hungry.

You visited 1 branch of the dungeon, and saw 6 of its levels.

You collected 260 gold pieces.

Inventory:

Hand Weapons
 d - a +0 dagger
 e - a +1 short sword (weapon)
Missiles
 t - 13 tomahawks (quivered)
Armour
 a - a +0 robe (worn)
 s - a +2 helmet (worn)
Wands
 y - a wand of acid (6/15)
Scrolls
 g - 3 scrolls of teleportation
 j - a scroll of amnesia
 l - 2 scrolls of fog
 m - a scroll of enchant weapon
 q - 2 scrolls of remove curse
 u - 2 scrolls of identify
 x - a scroll of enchant armour {unknown}
Potions
 h - a potion of might {unknown}
 i - 2 potions of brilliance
 k - a potion of resistance {unknown}
 n - a potion of curing {unknown}
 o - a potion of lignification {unknown}
 r - a potion of flight {unknown}
 v - a potion of ambrosia {unknown}
 z - a potion of heal wounds {unknown}
Books
 b - a book of Callings

   Spells                             Type                      Level
   a - Summon Small Mammal            Summoning                    1
   b - Call Imp                       Summoning                    2
   c - Call Canine Familiar           Summoning                    3
   d - Summon Guardian Golem          Hexes/Summoning              3
   e - Summon Lightning Spire         Summoning/Air                4
   f - Summon Ice Beast               Ice/Summoning                4
 w - a book of Cantrips

   Spells                             Type                      Level
   a - Confusing Touch                Hexes                        1
   b - Animate Skeleton               Necromancy                   1
   c - Summon Small Mammal            Summoning                    1
   d - Apportation                    Translocation                1
Comestibles
 c - 2 bread rations
 p - 4 meat rations


   Skills:
 * Level 2.3 Fighting
 + Level 1.2 Short Blades
 * Level 4.1 Dodging
 + Level 2.4 Stealth
 + Level 0.2 Unarmed Combat
 * Level 4.3 Spellcasting
 * Level 5.8 Summonings


You had 4 spell levels left.
You knew the following spells:

 Your Spells              Type           Power        Failure   Level  Hunger
a - Summon Small Mammal   Summ           ###.         1%          1    None
b - Call Imp              Summ           ###.....     2%          2    ##.....
c - Call Canine Familiar  Summ           ###.....     4%          3    ###....
d - Summon Guardian Gole  Hex/Summ       ##......     16%         3    ###....
e - Animate Skeleton      Necr           N/A          17%         1    None


Dungeon Overview and Level Annotations

Branches:
Dungeon (6/15)
 Temple: D:4-7

Altars:
Hepliaklqana
Kikubaaqudgha
Nemelex Xobeh
Trog
Xom
Yredelemnul

Shops:
D:5 [

Annotations:
D:3 Grinder
D:6 Eustachio; Shinoi's ghost, novice MiHu


Message History

Shinoi's ghost hits your guardian golem!
Your guardian golem overheats!
Your hound bites Shinoi's ghost but does no damage.
Shinoi's ghost effortlessly reloads its weapon.
Shinoi's ghost hits your guardian golem.
Your hound bites Shinoi's ghost but does no damage.
There is a stone staircase leading up here.
Your hound closely misses Shinoi's ghost.
Shinoi's ghost says very slowly, "There's no hope."
Shinoi's ghost hits your guardian golem.
Your hound barely misses Shinoi's ghost.
Shinoi's ghost hits your guardian golem!
Your guardian golem explodes!
The fiery explosion engulfs your hound.
Your hound dies!
Your hound's corpse disappears in a puff of smoke!
The fiery explosion engulfs Shinoi's ghost.
The fiery explosion engulfs you!
You are engulfed in blazing flames.
You die...

......W#####
[.##.##.<$..########
.......##..........
...#.####)#########
#..$...##.# ##
##......##.# ##Z
######..W.........# #..
.......#§§...##.#.#####..
.......§@........(.......
.?#######.........#####.#
##.###.#..#####.# .# #.
........[ # #. .#.####.#
#.# #.# #.# #.#


You could see Shinoi's ghost.

Vanquished Creatures
  A bullfrog (D:6)
  A scorpion (D:5)
  A bullfrog zombie (D:5)
  A worker ant (D:6)
  2 howler monkey skeletons
  An adder (D:4)
  3 leopard geckos (D:1)
  6 orcs
  A bat (D:3)
  A giant cockroach (D:3)
  3 hobgoblins
  A kobold (D:1)
  8 goblins
  A leopard gecko skeleton (D:5)
  7 rats
38 creatures vanquished.

Vanquished Creatures (collateral kills)
  2 scorpions
  A crimson imp (D:5)
  A hound (D:5)
  Terence (D:2)
  An orc wizard (D:6)
  4 worker ants (D:4)
  Robin (D:2)
  9 adders
  A shadow imp (D:5)
  An adder skeleton (D:5)
  2 worms
  A leopard gecko (D:2)
  14 orcs
  5 giant cockroaches
  19 goblins
  6 hobgoblins
  6 jackals
  2 quokkas (D:2)
  A ball python (D:2)
  7 bats
  5 frilled lizards
  12 kobolds
  A quokka skeleton (D:4)
  4 rats
107 creatures vanquished.

Grand Total: 145 creatures vanquished

Notes
Turn   | Place    | Note
-------+----------+-------------------------------------------
     0 | D:1      | Hook the Merfolk Summoner began the quest for the Orb.
     0 | D:1      | Reached XP level 1. HP: 13/13 MP: 3/3
   431 | D:1      | Reached XP level 2. HP: 7/19 MP: 1/5
   694 | D:1      | Learned a level 2 spell: Call Imp
  1932 | D:1      | Reached XP level 3. HP: 25/25 MP: 1/6
  1934 | D:1      | Reached skill level 1 in Fighting
  2076 | D:1      | Learned a level 3 spell: Call Canine Familiar
  2670 | D:2      | Found an ancient bone altar of Kikubaaqudgha.
  2828 | D:2      | Found a bloodstained altar of Trog.
  3188 | D:2      | Noticed Terence
  3290 | D:2      | Killed Terence
  3290 | D:2      | Reached XP level 4. HP: 32/32 MP: 1/7
  3697 | D:2      | Noticed Robin
  3722 | D:2      | Killed Robin
  3927 | D:2      | Reached skill level 5 in Summonings
  4420 | D:3      | Noticed Grinder
  4515 | D:3      | Reached XP level 5. HP: 35/37 MP: 4/9
  5182 | D:4      | Found a hazy altar of Hepliaklqana.
  5561 | D:4      | Learned a level 3 spell: Summon Guardian Golem
  5599 | D:4      | Found a sparkling altar of Nemelex Xobeh.
  5807 | D:4      | Reached XP level 6. HP: 44/44 MP: 3/11
  5906 | D:5      | Entered Level 5 of the Dungeon
  6010 | D:5      | Found a basalt altar of Yredelemnul.
  6483 | D:5      | Found Napuang's Armour Boutique.
  6571 | D:5      | Found a bloodstained altar of Trog.
  6723 | D:5      | Found a burning altar of Makhleb.
  6732 | D:5      | Found a shimmering altar of Xom.
  6732 | D:5      | Found an ancient bone altar of Kikubaaqudgha.
  6738 | D:5      | Reached skill level 1 in Short Blades
  6739 | D:5      | Found a shimmering altar of Xom.
  6739 | D:5      | Found a sacrificial altar of Ru.
  6739 | D:5      | Found a deep blue altar of Sif Muna.
  6897 | D:6      | Noticed Eustachio
  7143 | D:6      | Learned a level 1 spell: Animate Skeleton
  7270 | D:6      | Noticed Shinoi's ghost (novice MiHu)
  7300 | D:5      | Reached XP level 7. HP: 27/50 MP: 7/13
  7665 | D:6      | Engulfed by a cloud of flame

Skill      XL: |  1  2  3  4  5  6 |
---------------+-------------------+-----
Fighting       | 1 2 |  2.3
Dodging        | 3 4 |  4.1
Summonings     | 5 |  5.8
Spellcasting   | 3 4 |  4.3
Short Blades   | 1 |  1.2
Stealth        | |  2.4
Unarmed Combat | |  0.2

Action                   |  1- 3 |  4- 6 |  7- 9 || total
-------------------------+-------+-------+-------++-------
Melee: Dagger            |    90 |    61 |       ||   151
       Unarmed           |    16 |       |       ||    16
       Tailslap          |     2 |       |       ||     2
       Short sword       |       |    91 |     6 ||    97
Throw: Stone             |     6 |       |       ||     6
       Tomahawk          |       |     2 |       ||     2
 Cast: Summon Small Mamm |    29 |    28 |     1 ||    58
       Call Imp          |    30 |    74 |       ||   104
       Call Canine Famil |     6 |    18 |     2 ||    26
       Animate Skeleton  |       |     1 |       ||     1
       Summon Guardian G |       |       |     2 ||     2
  Use: Scroll            |     3 |     8 |       ||    11
 Stab: Sleeping          |     3 |     2 |       ||     5
       Distracted        |       |     2 |       ||     2
  Eat: Chunk             |    10 |     8 |       ||    18
       Bread ration      |       |     2 |       ||     2
       Fruit             |       |     4 |       ||     4
Armor: Robe              |    24 |    43 |     2 ||    69
Dodge: Dodged            |    86 |   129 |     4 ||   219
